Map: 莱瑞拉克之冠

Players

shengy

  • Race: Zerg Zerg
  • League: Platinum

Albinosaurus - Winner!

  • Race: Zerg Zerg
  • League: Platinum

VOD

Have the link to the VOD?

Description

Time

  • Played on: Dec. 24, 2015, 5:33 p.m.
  • Length: 15:27
Show
View Real Time Build Order
Export as new Build Order

shengy Zerg 

Build Orders: Hatch First 

Get SALT Encoding   

  12  0:00  Drone  
  13  0:08  Drone  
  14  0:16  Overlord  
  14  0:35  Drone x3  
  17  0:49  Drone  
  18  0:57  Hatchery  
  18  1:01  Drone  
  18  1:14  Spawning Pool  
  18  1:17  Drone  
  18  1:21  Drone  
  19  1:29  Overlord  
  19  1:46  Extractor  
  19  1:47  Drone  
  19  2:03  Queen  
  19  2:04  Zergling x4  
  23  2:17  Drone x2  
  25  2:26  Zergling x4  
  25  2:27  Queen  
  29  2:33  Drone  
  30  2:38  Queen  
  30  2:40  Spine Crawler  
  31  2:51  Drone x3  
  34  2:58  Baneling Nest  
  34  3:00  Overlord  
  33  3:15  Zergling x4  
  33  3:16  Zergling x2  
  33  3:17  Overlord  
  36  3:22  Metabolic Boost  
  36  3:32  Extractor, Drone x2  
  37  3:42  Queen  
  37  3:43  Drone x2  
  40  3:51  Baneling x3  
  40  3:52  Baneling  
  38  4:18  Drone  
  38  4:21  Drone x4  
  43  4:37  Drone x3  
  46  4:42  Roach Warren, Lair  
  45  4:46  Extractor  
  45  4:50  Drone, Overlord  
  45  4:51  Drone x5  
  50  5:02  Overlord  
  50  5:09  Drone x2  
  50  5:18  Overlord  
  50  5:19  Overlord  
  48  5:31  Roach x3  
  48  5:32  Roach x3  
  60  5:36  Burrow  
  60  5:39  Extractor  
  60  5:40  Drone  
  60  5:41  Drone  
  61  5:45  Roach x3  
  66  6:03  Glial Reconstitution  
  66  6:06  Hatchery  
  65  6:16  Spine Crawler  
  65  6:17  Roach x2  
  65  6:18  Roach x4  
  76  6:30  Drone x2  
  76  6:31  Drone  
  79  6:33  Zergling x2  
  79  7:09  Drone  
  79  7:10  Hydralisk Den, Drone  
  80  7:16  Roach x15  
  80  7:17  Hatchery  
  80  7:19  Overlord x3  
  80  7:20  Overlord  
  79  7:30  Zergling x14  
  79  7:32  Overlord  
  86  7:55  Muscular Augments, Hydralisk x7  
  86  7:56  Hydralisk  
  102  8:03  Baneling x4  
  102  8:04  Roach x14  
  102  8:07  Overlord  
  102  8:12  Roach x12  
  90  8:53  Hydralisk x2  
  90  8:54  Hydralisk x3  
  97  8:56  Roach x6  
  97  8:57  Roach x5  
  114  9:04  Hydralisk x2  
  114  9:05  Hydralisk x5  
  114  9:09  Roach x9  
  114  9:13  Drone x6  
  120  9:18  Drone x2  
  121  9:30  Extractor  
  118  9:34  Spore Crawler  
  118  9:36  Extractor  
  114  9:41  Spore Crawler  
  114  9:42  Lurker Den  
  113  9:48  Infestation Pit  
  113  9:50  Spore Crawler, Evolution Chamber  
  113  9:51  Spore Crawler  
  113  9:52  Spore Crawler, Evolution Chamber  
  108  9:58  Spore Crawler, Drone x2  
  108  9:59  Spore Crawler, Drone  
  108  10:07  Zergling x2  
  109  10:18  Hydralisk x12  
  109  10:23  Drone x4, Roach x20  
  109  10:24  Drone x2  
  109  10:25  Spore Crawler  
  114  10:39  Drone x6  
  120  10:45  Spore Crawler  
  107  11:00  Zerg Missile Weapons Level 1, Zerg Ground Armor Level 1  
  107  11:03  Hydralisk x3, Overlord  
  113  11:12  Queen  
  113  11:15  Baneling  
  113  11:16  Baneling x2  
  115  11:22  Drone x5  
  120  11:34  Lurker  
  120  11:35  Lurker  
  120  11:36  Lurker  
  123  11:46  Roach x15  
  123  11:47  Zergling x2  
  123  11:48  Zergling x22  
  64  12:38  Roach  
  64  12:39  Roach x19  
  104  12:52  Zergling x10  
  104  12:53  Roach x12, Zergling x4  
  104  12:56  Zerg Missile Weapons Level 2  
  111  13:08  Tunneling Claws  
  111  13:16  Hatchery  
  110  13:33  Spore Crawler  
  109  13:38  Hydralisk  
  109  13:39  Hydralisk x6  
  121  13:59  Hydralisk  
  121  14:00  Hydralisk x7  
  134  14:07  Baneling x6  
  132  14:25  Spore Crawler  
  132  14:30  Roach x10  
  119  14:36  Hydralisk  
  119  14:37  Hydralisk x7  
  118  14:47  Roach x3  
  100  15:02  Zergling x10  
  100  15:03  Zergling x2  
Show
View Real Time Build Order
Export as new Build Order

Albinosaurus Zerg - Winner!

Build Orders: Hatch First 

Get SALT Encoding   

  12  0:01  Drone  
  13  0:08  Drone  
  14  0:17  Overlord  
  14  0:24  Extractor  
  14  0:25  Drone  
  15  0:36  Drone x2  
  17  0:46  Drone  
  18  1:06  Hatchery, Extractor  
  16  1:15  Spawning Pool  
  16  1:17  Drone  
  16  1:21  Drone  
  16  1:25  Drone  
  18  1:29  Drone  
  19  1:41  Overlord  
  19  2:01  Queen  
  19  2:02  Zergling x2  
  19  2:03  Zergling x2  
  23  2:11  Metabolic Boost, Zergling x2  
  24  2:18  Queen  
  24  2:21  Zergling x2  
  27  2:23  Zergling x2  
  28  2:39  Spine Crawler, Zergling x4  
  29  2:44  Baneling Nest  
  28  2:52  Drone x2  
  28  2:53  Drone  
  28  2:56  Drone  
  32  3:13  Spine Crawler  
  31  3:24  Drone x3  
  31  3:25  Drone x2  
  36  3:29  Baneling x2  
  36  3:30  Baneling x2  
  36  3:31  Baneling x2  
  36  3:41  Overlord  
  36  3:42  Overlord  
  34  4:07  Drone x6  
  39  4:13  Baneling  
  39  4:14  Baneling x3, Roach Warren  
  38  4:20  Drone x2  
  40  4:24  Extractor  
  40  4:27  Overlord  
  40  4:30  Overlord  
  38  4:40  Drone x5  
  43  4:50  Extractor, Overlord  
  42  4:54  Roach  
  42  4:57  Roach  
  42  4:59  Baneling  
  46  5:00  Roach x2  
  46  5:01  Roach  
  46  5:04  Overlord  
  52  5:25  Roach  
  52  5:26  Roach x5  
  64  5:38  Baneling  
  64  5:39  Hatchery  
  64  5:40  Drone  
  64  5:41  Drone x2  
  66  5:43  Drone x2  
  66  6:00  Drone  
  66  6:02  Lair  
  66  6:03  Extractor  
  66  6:04  Overlord  
  66  6:11  Evolution Chamber  
  65  6:12  Evolution Chamber  
  65  6:14  Queen  
  65  6:15  Overlord  
  65  6:16  Roach  
  65  6:17  Roach  
  70  6:23  Drone x3  
  71  6:45  Roach x7  
  83  6:51  Zerg Missile Weapons Level 1  
  83  7:09  Drone x11  
  94  7:19  Glial Reconstitution, Zerg Ground Armor Level 1  
  94  7:27  Spire  
  93  7:37  Zergling x2  
  93  7:38  Zergling x8  
  93  7:40  Overlord x2  
  93  7:43  Extractor  
  97  7:47  Overlord  
  97  8:03  Spore Crawler, Hatchery  
  97  8:05  Spore Crawler  
  94  8:07  Spore Crawler  
  94  8:09  Spore Crawler  
  86  8:26  Overseer  
  70  8:38  Mutalisk x6  
  75  9:05  Roach x9  
  75  9:06  Roach x2  
  97  9:12  Zergling x2  
  98  9:19  Spine Crawler  
  97  9:25  Roach x4  
  105  9:43  Drone  
  105  9:44  Overlord x2  
  105  9:45  Overlord  
  106  9:56  Zerg Missile Weapons Level 2  
  106  9:58  Zerg Ground Armor Level 2  
  106  9:59  Overlord  
  106  10:06  Drone x4  
  110  10:07  Drone  
  110  10:12  Drone  
  110  10:13  Drone  
  113  10:14  Drone  
  113  10:19  Drone x2  
  114  10:40  Roach x6  
  105  11:01  Spine Crawler  
  104  11:04  Drone x2  
  104  11:05  Drone  
  104  11:06  Queen  
  109  11:12  Overlord  
  109  11:13  Overlord  
  109  11:30  Roach x2  
  113  11:35  Baneling Nest  
  113  11:39  Centrifical Hooks  
  113  11:41  Drone x2  
  115  11:50  Roach x6  
  115  11:51  Roach x5  
  115  11:53  Roach  
  110  12:29  Mutalisk x5  
  100  12:30  Mutalisk x6  
  100  12:34  Burrow  
  116  12:52  Extractor  
  116  12:54  Extractor  
  114  12:59  Mutalisk x2  
  118  13:10  Hatchery, Spine Crawler  
  116  13:13  Spore Crawler  
  115  13:24  Infestation Pit  
  114  13:27  Zergling x2  
  114  13:28  Zergling x12  
  114  13:29  Zergling x2  
  122  13:41  Spine Crawler  
  121  13:43  Spine Crawler  
  120  13:55  Drone x2  
  120  14:03  Roach x14  
  118  14:19  Mutalisk x3  
  118  14:20  Mutalisk x4  
  119  14:51  Overseer  
  117  14:58  Roach x3  
  117  14:59  Roach x5  
Tags
 
Add a new tag
Caveats
  • Supply blocks, unpowered buildings, or Contaminate may cause inaccurate times.
  • Supply counts are checked every 10 seconds.